 Dungeon Crawl Stone Soup version 0.30-a0-140-gd1020e658a (webtiles) character file.

Game seed: 13542437859151307007

1 ponyjar the Magician (level 1, 0/15 HPs)
             Began as a Human Wanderer on Sept 24, 2022.
             Slain by a jackal (1 damage)
             ... on level 1 of the Dungeon.
             The game lasted 00:00:14 (78 turns).

ponyjar the Magician (Human Wanderer)                 Turns: 78, Time: 00:00:15

Health: 0/15       AC:  2    Str: 11    XL:     1   Next: 22%
Magic:  0/5        EV: 10    Int: 17    God:
Gold:   26         SH:  3    Dex:  8    Spells: 7/8 levels left

rFire   . . .      SeeInvis .    a - +0 club
rCold   . . .      Faith    .    d - +0 buckler
rNeg    . . .      Spirit   .    c - +0 robe
rPois   .          Reflect  .    (no helmet)
rElec   .          Harm     .    (no cloak)
rCorr   .          Rampage  .    (no gloves)
Will    .....                    (no boots)
Stlth   +.........               (no amulet)
HPRegen 0.05/turn                (no ring)
MPRegen 0.09/turn                (no ring)

@: no status effects
A: no striking features
a: no special abilities


You were on level 1 of the Dungeon.
You visited 1 branch of the dungeon, and saw 1 of its levels.

You collected 26 gold pieces.

Inventory:

Hand Weapons
 a - a +0 club (weapon)
Armour
 c - a +0 robe (worn)
 d - a +0 buckler (worn)
Scrolls
 e - a scroll of teleportation {unknown}
Potions
 b - a potion of curing


   Skills:
 + Level 1.0 Fighting
 + Level 1.0 Shields
 + Level 4.0 Spellcasting
 + Level 3.0 Conjurations


You had 7 spell levels left.
You knew the following spells:

 Your Spells              Type           Power      Damage    Failure   Level
a - Freeze                Ice            12%        1d4       22%         1

Your spell library contained the following spells:

 Spells                   Type           Power      Damage    Failure   Level
 Searing Ray              Conj           26%        2d5       10%         2
 Static Discharge         Conj/Air       16%        2-3/arc   17%         2
 Wereblood                Tmut           3%         N/A       32%         2
 Portal Projectile        Hex/Tloc       6%         N/A       54%         3
 Summon Guardian Golem    Hex/Summ       3%         N/A       54%         3


Dungeon Overview and Level Annotations

Branches:
Dungeon (1/15)

Altars:


Message History

Aiming: Freeze (safe; 22% risk of failure)
Press: ? - help, Shift-Dir - straight line, f/p - jackal
Aim: a jackal (severely wounded)
You freeze the jackal.
You kill the jackal!
A goblin comes into view. It is wielding a +2 dagger of flaming.
Casting: Freeze (safe; 22% risk of failure)
Confirm with . or Enter, or press ? or * to list all spells.
Aiming: Freeze (safe; 22% risk of failure)
Press: ? - help, Shift-Dir - straight line, f - jackal
Aim: a jackal You freeze the jackal.
The jackal is severely wounded.
The jackal bites you.
The jackal closely misses you. x2; The jackal bites you.
Casting: Freeze (safe; 22% risk of failure)
Confirm with . or Enter, or press ? or * to list all spells.
You don't have enough magic to cast this spell.
Unknown command.
Unknown command.
Casting: Freeze (safe; 22% risk of failure)
Confirm with . or Enter, or press ? or * to list all spells.
You don't have enough magic to cast this spell.
Unknown command.
You closely miss the jackal.
The jackal is severely wounded.
The jackal bites you. You block the jackal's attack.
A jackal comes into view.
You block the jackal's attack.
Unknown command.
You closely miss the jackal.
The jackal is severely wounded.
The jackal bites you. x2
* * * LOW HITPOINT WARNING * * *
The jackal bites you.
* * * LOW HITPOINT WARNING * * *
The jackal misses you.
Unknown command.
Unknown command.
The jackal bites you.
You die...

# . .##.# #.
...... ####.
####......
...h##...[...#
g.h#.......####
#h#..........
#hh..........
#.#@.....?#
...#.......#
#####.......#
####.#######
#........
#.####### #.#
#.# #.#


You could see 5 jackals and a goblin.

Vanquished Creatures
  A jackal (D:1)
1 creature vanquished.

Notes
Turn   | Place    | Note
-------+----------+-------------------------------------------
     0 | D:1      | ponyjar the Human Wanderer began the quest for the Orb.
     0 | D:1      | ponyjar set off with the following items: a +0 club, a
                  | potion of curing, a +0 robe, a +0 buckler; and the
                  | following spell memorised: Freeze; and the following spells
                  | available to memorise: Searing Ray, Static Discharge,
                  | Wereblood, Portal Projectile, Summon Guardian Golem.
     0 | D:1      | Reached XP level 1. HP: 15/15 MP: 5/5
    78 | D:1      | Slain by a jackal

Illustrated notes

Levels and vault maps discovered:
D:1:      dpeg_arrival_chambers_temple_mockup, layout_loops_ring,
          basic_ecumenical_altar

Action                   || total
-------------------------++-------
Melee: Club              ||     2
 Cast: Freeze            ||     5
Armor: Robe              ||     2
Dodge: Dodged            ||     7
Block: Buckler           ||     2

Table legend: (Time is in decaauts)
 A = Elapsed time spent in this place.
 B = Non-inter-level travel time spent in this place.
 C = Inter-level travel time spent in this place.
 D = Time resting spent in this place.
 E = Time spent auto-exploring this place.
 F = Levels seen in this place.
 G = Mean time per level.
                   A        B        C        D        E       F      G
               +--------+--------+--------+--------+--------+-----+--------+
         Total |     78 |     78 |      0 |      0 |     63 |   1 |   78.0 |
       Dungeon |     78 |     78 |      0 |      0 |     63 |   1 |   78.0 |
               +--------+--------+--------+--------+--------+-----+--------+

Top non-repeatable levels by time:
     D:1: 78 daAuts
